cohdb
Replays
Latest Replays
All Replays
Popular Replays
Top Player Replays
Match Explorer
How It Works
Community
CoH3 Stats
Reddit
Sign in to upload your games and track your stats! →
Sign in with Steam
Match 44609439
Unlisted
Match 44609439
Overview
Messages
Build Orders
End
Construct Section Command Post
Infantry Section
Infantry Section
Selects Indian Artillery Battlegroup
Selects Towed ML 4.2-inch Heavy Mortar
Towed ML 4.2-inch Heavy Mortar
Infantry Section
Construct Platoon Command Post
6-pounder Anti-tank Gun Team
Construct Company Command Post
Unlock M3 Grant Medium Tanks
M3 Grant Medium Tank
Armored Vehicle Training
Forward Retreat Point
M3 Grant Medium Tank
Royal Engineer Section
M3 Grant Medium Tank
Royal Engineer Section
Foot Guards Section
Selects Off-map Airburst Barrage
Off-map Airburst Barrage
M3 Grant Medium Tank
Royal Engineer Section
Off-map Airburst Barrage
M3 Grant Medium Tank
Off-map Airburst Barrage
⚅ luke
miggy
noyan
Ameaki__Momiji
N!ckyL@rsoN
Team saupiquet
[BBC] octo
darkGweni
0
0
Comments
sign in to comment!
No comments posted yet!